 Dungeon Crawl Stone Soup version 0.25-a0-697-g890751e744 (webtiles) character file.

Game seed: 16321784976811030371, levelgen mode: deterministic

8666 Flugkiller the Frost Mage (level 11, 0/72 HPs)
             Began as an Octopode Ice Elementalist on Apr 1, 2020.
             Was an Elder of Vehumet.
             Slain by a freezing wraith (13 damage)
             ... in an ice cave.
             The game lasted 00:38:07 (13061 turns).

Flugkiller the Frost Mage (OpIE)                   Turns: 13061, Time: 00:38:07

Health: 0/72       AC:  1    Str:  7    XL:     11   Next: 34%
Magic:  15/20      EV: 25    Int: 21    God:    Vehumet [****..]
Gold:   416        SH:  0    Dex: 13    Spells: 5/23 levels left

rFire    + + .     SeeInvis .   F - +4 war axe
rCold    + . .     Gourm    .   (no shield)
rNeg     . . .     Faith    .   (helmet restricted)
rPois    +         Spirit   .   (no amulet)
rElec    +         Reflect  .   k - +4 ring of evasion
rCorr    +         Harm     .   B - +3 ring of evasion
MR       +....     Clarity  +   u - ring of protection from fire
Stlth    +++++.....             D - ring of stealth
HPRegen  0.22/turn              I - ring of protection from magic
MPRegen  0.17/turn              J - ring of resist corrosion
                                (no ring)
                                (no ring)

@: resistant, slowed, very slow
A: almost no armour, stealthy swim, amphibious, 8 rings, constrict 8, beak,
camouflage 1, clarity, gelatinous body 1
a: Renounce Religion


You were in an ice cave.
You worshipped Vehumet.
Vehumet was greatly pleased with you.
You were near starving.

You visited 3 branches of the dungeon, and saw 11 of its levels.
You also visited: Sewer and Ice Cave.

You collected 526 gold pieces.
You spent 110 gold pieces at shops.

Inventory:

Hand Weapons
 b - a +0 short sword
   (You took it off a kobold on level 1 of the Dungeon)
 m - a +0 trident
   (You took it off an orc on level 3 of the Dungeon)
 E - a +0 halberd
   (You took it off an orc warrior on level 6 of the Dungeon)
 F - a +4 war axe (weapon)
   (You took it off a wight on level 6 of the Dungeon)
Missiles
 a - 301 stones (quivered)
Magical Staves
 t - an uncursed staff of air
   (You found it on level 4 of the Dungeon)
Jewellery
 k - a +4 ring of evasion (left tentacle)
   (You found it on level 2 of the Dungeon)
 u - a ring of protection from fire (on tentacle)
   (You found it on level 4 of the Dungeon)
 B - a +3 ring of evasion (right tentacle)
   (You found it on level 5 of the Dungeon)
 D - a ring of stealth (on tentacle)
   (You found it on level 7 of the Dungeon)
 I - a ring of protection from magic (on tentacle)
   (You found it on level 8 of the Dungeon)
 J - a ring of resist corrosion (on tentacle)
   (You found it on level 8 of the Dungeon)
Wands
 A - a wand of digging (3)
   (You found it on level 5 of the Dungeon)
 H - a wand of flame (2)
   (You found it on level 9 of the Dungeon)
 L - a wand of iceblast (4)
   (You found it on level 1 of the Lair of Beasts)
Scrolls
 f - a scroll of magic mapping {unknown}
 i - 2 scrolls of fear
 j - a scroll of immolation {unknown}
 p - a scroll of remove curse
 r - a scroll of amnesia
 s - a scroll of enchant weapon {unknown}
 y - 2 scrolls of teleportation
 z - a scroll of fog
 C - 2 scrolls of enchant armour
 K - 2 scrolls of blinking
 M - a scroll of noise {unknown}
Potions
 c - a potion of mutation
 d - 2 potions of brilliance
 g - 2 potions of heal wounds
 h - 4 potions of curing
 l - 2 potions of resistance
 o - 3 potions of invisibility
 v - 3 potions of stabbing
 w - a potion of haste {unknown}
 x - 2 potions of magic
 G - a potion of degeneration {unknown}
 N - a potion of lignification {unknown}
Miscellaneous
 O - a lightning rod (inert)
   (You found it on level 9 of the Dungeon)
Comestibles
 e - 14 rations


   Skills:
 - Level 6.0 Fighting
 - Level 8.1 Dodging
 - Level 5.2 Stealth
 + Level 6.6 Spellcasting
 - Level 5.0 Conjurations
 - Level 4.0 Summonings
 - Level 1.0 Fire Magic
 - Level 9.0 Ice Magic
 - Level 6.2 Evocations


You had 5 spell levels left.
You knew the following spells:

 Your Spells              Type           Power        Failure   Level  Hunger
a - Freeze                Ice            ####         1%          1    None
b - Frozen Ramparts       Ice            #####.       1%          3    #......
c - Ozocubu's Armour      Chrm/Ice       ####....     4%          3    #......
d - Hailstorm             Conj/Ice       #####...     1%          4    ###....
e - Summon Ice Beast      Ice/Summ       ####....     6%          4    ###....
f - Conjure Flame         Conj/Fire      ###.....     2%          3    #......

Your spell library contained the following spells:

 Spells                   Type           Power        Failure   Level  Hunger
 Dazzling Flash           Conj/Hex       ###...       2%          3    #......


Dungeon Overview and Level Annotations

Branches:
Dungeon (9/15)             Temple (1/1) D:4            Lair (1/6) D:9
  Sewer (visited)           IceCv (1/1)
    Orc: D:9-12

Altars:
Ashenzari
Cheibriados
Dithmenos
Elyvilon
Fedhas
Gozag
Hepliaklqana
Kikubaaqudgha
Makhleb
Nemelex Xobeh
Okawaru
Qazlal
Ru
Sif Muna
Trog
Uskayaw
Vehumet
Wu Jian
Xom
Yredelemnul
Zin
The Shining One

Shops:
D:5 ?   D:6 (   D:8 =   D:9 ?

Annotations:
D:1 exclusion: 2 downstairs
D:2 1 runed translucent door, exclusion: jackal, Crazy Yiuf, Sigmund
D:8 Gastronok IceCv exclusion: ice statue


Innate Abilities, Weirdness & Mutations

You cannot wear most types of armour.
You are very stealthy in the water. (Stealth+)
You are amphibious.
You can wear up to eight rings at the same time.
You can use your tentacles to constrict eight enemies at once.
Your skin changes colour to match your surroundings (Stealth+).
Your rubbery body absorbs attacks. (AC +1, EV +1)
You have a beak for a mouth.
You possess an exceptional clarity of mind.


Message History

You slash the freezing wraith!
You destroy the freezing wraith!
Vehumet accepts your kill.
The white imp hits your ice beast but does no damage.
Your ice beast closely misses the white imp.
Your ice beast hits the white imp.
Your ice beast freezes the white imp.
The white imp resists.
The white imp completely misses your ice beast.
Unknown command.
You swap places.
Your icy armour cracks and falls away as you move.
Your ice beast barely misses the white imp.
The white imp closely misses you.
You slash the white imp!
You kill the white imp!
Vehumet accepts your kill.
You feel your power returning.
Your ice beast disappears in a puff of smoke!
You start resting.
Your ice beast disappears in a puff of smoke!
HP restored.
You start resting.
The freezing wraith is too close now for your liking.
You feel protected. The freezing wraith barely misses you.
The freezing wraith closely misses you.
You hit the freezing wraith. You squeeze the freezing wraith.
The freezing wraith is moderately damaged.
You feel a little less mighty now. The freezing wraith hits you!
The freezing wraith freezes you! You resist. The freezing wraith hits you.
The freezing wraith drains your vigour!
You feel yourself slow down.
You hit the freezing wraith but do no damage.
The freezing wraith is moderately damaged.
The freezing wraith barely misses you. The freezing wraith hits you!
The freezing wraith drains your vigour!
You feel as though you will be slow longer.
The freezing wraith completely misses you.
The freezing wraith misses you.
Unknown command.
You barely miss the freezing wraith.
The freezing wraith is moderately damaged.
The freezing wraith hits you! The freezing wraith freezes you! You resist.
* * * LOW HITPOINT WARNING * * *
The freezing wraith closely misses you. The freezing wraith hits you!
* * * LOW HITPOINT WARNING * * *
The freezing wraith freezes you. You resist.
* * * LOW HITPOINT WARNING * * *
The freezing wraith hits you but does no damage.
The freezing wraith hits you!
You die...

.## #..## ##### ##
#...### ###...####
#
##....###........##
#
##...............##
###
####.............#
.5###
##............#
#...###
##..........##
##....###
##.#W...#.##
###....##
####@.#### #
###...## ##..#
########..# ##..##
..W.###..## #..##
.....W..## #...##
...5....# ##...##
........# ##...#
........# ##...#
.......## #...##


You could see a freezing wraith.

Vanquished Creatures
  8 freezing wraiths (IceCv)
  A wolf spider simulacrum (IceCv)
  Prince Ribbit (D:8)
  A hippogriff (D:9)
  3 hogs (D:7)
  Grum (D:8)
  A human (D:7)
  A death yak simulacrum (IceCv)
  A water moccasin (D:6)
  An ice beast (IceCv)
  5 ogres
  2 orc warriors
  2 necrophages
  3 sky beasts
  3 centaurs
  4 wolves (D:8)
  4 bullfrogs
  5 scorpions
  13 killer bees
  7 wights
  A howler monkey (D:4)
  2 crimson imps (D:9)
  6 hounds
  3 jellies
  2 orc priests
  A bullfrog skeleton (D:4)
  A centaur skeleton (D:6)
  4 orc wizards
  Natasha (D:2)
  4 worker ants
  A wolf simulacrum (IceCv)
  A centaur simulacrum (IceCv)
  A howler monkey skeleton (D:6)
  10 adders
  An ogre simulacrum (IceCv)
  A river rat (D:5)
  2 shadow imps
  7 white imps
  An ooze (D:3)
  An adder skeleton (D:8)
  2 adder zombies
  A worm (D:5)
  A dart slug (D:1)
  4 leopard geckos
  25 orcs
  7 giant cockroaches
  4 goblins (D:1)
  3 hobgoblins
  23 jackals
  7 quokkas
  3 ball pythons
  7 bats
  10 frilled lizards
  A jackal zombie (D:5)
  4 kobolds
  A leopard gecko zombie (D:8)
  3 rats
224 creatures vanquished.

Vanquished Creatures (collateral kills)
  A two-headed ogre (D:9)
  A hippogriff (D:8)
  A hog (D:7)
  An orc warrior (D:6)
  6 ice beasts
  2 phantoms
  A gnoll sergeant (D:8)
  A wight (D:7)
  A draconian simulacrum (IceCv)
  A quasit (D:6)
  An orc wizard (D:7)
  A spriggan simulacrum (IceCv)
  A wolf simulacrum (IceCv)
  3 gnolls (D:8)
  10 white imps (Lair:1)
  An adder zombie (D:8)
  5 orcs
38 creatures vanquished.

Grand Total: 262 creatures vanquished

Notes
Turn   | Place    | Note
-------+----------+-------------------------------------------
     0 | D:1      | Flugkiller the Octopode Ice Elementalist began the quest
                  | for the Orb.
     0 | D:1      | Reached XP level 1. HP: 11/11 MP: 3/3
   138 | D:1      | Reached skill level 1 in Fighting
   422 | D:1      | Reached XP level 2. HP: 15/18 MP: 0/5
   739 | D:1      | Reached XP level 3. HP: 19/23 MP: 2/6
   744 | D:1      | Learned a level 3 spell: Frozen Ramparts
  1149 | D:2      | Noticed Sigmund
  1309 | D:2      | Found a hide-covered altar of Uskayaw,
  1404 | D:2      | Found a shattered altar of Ashenzari,
  1968 | D:2      | Found a runed translucent door,
  1969 | D:2      | Noticed Crazy Yiuf
  2278 | D:3      | Reached XP level 4. HP: 28/28 MP: 8/8
  2309 | D:3      | Noticed Natasha
  2515 | D:2      | Killed Natasha
  2611 | D:3      | Reached skill level 5 in Ice Magic
  2680 | D:3      | Learned a level 4 spell: Summon Ice Beast
  2963 | D:3      | Reached XP level 5. HP: 33/33 MP: 6/10
  3178 | D:4      | Noticed an ogre
  3308 | D:4      | Reached skill level 1 in Summonings
  3433 | D:4      | Found a staircase to the Ecumenical Temple,
  3442 | Temple   | Entered the Ecumenical Temple
  3568 | Temple   | Became a worshipper of Vehumet
  3701 | D:4      | Reached XP level 6. HP: 38/38 MP: 11/11
  3862 | D:4      | Reached skill level 6 in Ice Magic
  3862 | D:4      | Reached XP level 7. HP: 35/43 MP: 6/13
  4090 | D:4      | Learned a level 3 spell: Ozocubu's Armour
  4268 | D:5      | Entered Level 5 of the Dungeon
  4318 | D:5      | Found an iron altar of Okawaru,
  4410 | D:5      | Found a glowing drain,
  4414 | Sewer    | Entered a sewer
  4503 | Sewer    | Reached * piety under Vehumet
  4503 | Sewer    | Offered knowledge of Sandblast by Vehumet.
  4575 | Sewer    | Noticed Purgy
  4873 | D:5      | Reached skill level 1 in Evocations
  5274 | D:5      | Found Hoifoonn's Magic Scroll Emporium,
  5713 | D:6      | Reached XP level 8. HP: 51/51 MP: 7/14
  5997 | D:6      | Reached skill level 7 in Ice Magic
  6331 | D:6      | Reached skill level 8 in Ice Magic
  6732 | D:6      | Offered knowledge of Searing Ray by Vehumet.
  6733 | D:6      | Reached ** piety under Vehumet
  6776 | D:6      | Found Xaquantakh's Antique Weapon Shop,
  6844 | D:6      | Reached skill level 9 in Ice Magic
  6970 | D:6      | Learned a level 4 spell: Hailstorm
  7018 | D:7      | Reached XP level 9. HP: 55/55 MP: 5/15
  7135 | D:6      | Reached skill level 1 in Conjurations
  8670 | D:7      | Reached skill level 5 in Spellcasting
  8686 | D:7      | Offered knowledge of Conjure Flame by Vehumet.
  8761 | D:7      | Learned a level 3 spell: Conjure Flame
  9165 | D:8      | Reached skill level 1 in Fire Magic
  9185 | D:8      | Noticed Gastronok
  9480 | D:7      | Reached skill level 5 in Fighting
  9648 | D:8      | Reached *** piety under Vehumet
  9702 | D:8      | Noticed Prince Ribbit
  9781 | D:8      | Reached XP level 10. HP: 64/66 MP: 14/18
  9835 | D:8      | Found Vilefrim's Jewellery Emporium,
  9978 | D:8      | Reached skill level 5 in Dodging
 10126 | D:8      | Offered knowledge of Ignite Poison by Vehumet.
 10290 | D:8      | Killed Prince Ribbit
 10375 | D:8      | Noticed Grum
 10380 | D:8      | Reached skill level 5 in Conjurations
 10384 | D:8      | Killed Grum
 10598 | D:9      | Found a staircase to the Lair,
 10785 | D:9      | Reached **** piety under Vehumet
 10811 | D:9      | Noticed a two-headed ogre
 10832 | D:9      | Killed a two-headed ogre
 10832 | D:9      | Reached skill level 5 in Stealth
 10981 | D:9      | Found Ubboinn's Magic Scroll Boutique,
 10987 | D:9      | Bought a scroll of blinking for 75 gold pieces
 10987 | D:9      | Bought a scroll of fear for 35 gold pieces
 11398 | Lair:1   | Entered Level 1 of the Lair of Beasts
 11403 | Lair:1   | Found a frozen archway,
 11412 | Lair:1   | Offered knowledge of Dazzling Flash by Vehumet.
 11518 | IceCv    | Entered an ice cave
 11540 | IceCv    | Reached skill level 5 in Evocations
 11654 | IceCv    | Reached XP level 11. HP: 60/72 MP: 9/20
 12819 | IceCv    | Found an ancient bone altar of Kikubaaqudgha,
 12907 | IceCv    | Gained mutation: You tend to lose your temper in combat.
                  | [potion of mutation]
 12907 | IceCv    | Gained mutation: You are agile. (Dex +2) [potion of
                  | mutation]
 12907 | IceCv    | Gained mutation: One of your tentacles bears a spike.
                  | [potion of mutation]
 12908 | IceCv    | Lost mutation: One of your tentacles bears a spike. [potion
                  | of mutation]
 12908 | IceCv    | Lost mutation: You are agile. (Dex +2) [potion of mutation]
 12908 | IceCv    | Lost mutation: You tend to lose your temper in combat.
                  | [potion of mutation]
 12908 | IceCv    | Gained mutation: You have a beak for a mouth. [potion of
                  | mutation]
 12908 | IceCv    | Gained mutation: You possess an exceptional clarity of
                  | mind. [potion of mutation]
 13061 | IceCv    | Slain by a freezing wraith

Levels and vault maps discovered:
D:1:      wander_arrival_chamber, layout_basic
D:2:      layout_basic, eat_drink_and_be_merry_uskayaw,
          nicolae_ashenzari_panopticon, uniq_crazy_yiuf_cottage, uniq_sigmund
D:3:      layout_loops_cross, uniq_natasha
D:4:      layout_loops_ring, temple_statues, minmay_crossroads
D:5:      layout_loops_corners, gup_sewer_entry_bowl, first_ration,
          serial_shops, shop, grunt_ministairs_9, okawaru_trees_1
D:6:      layout_loops_ring, serial_shops, kennysheep_little_box,
          grunt_ministairs_3
D:7:      layout_rooms, grunt_livestock, minmay_tree_intersection
D:8:      layout_basic, serial_shops, kennysheep_mini_moat,
          kennysheep_generic_room_10, uniq_grum, uniq_gastronok,
          uniq_prince_ribbit1
D:9:      layout_loops_ring, dpeg_oklobed_lair, serial_shops,
          nicolae_shop_waterfront
Temple:   nicolae_temple_the_god_donut
Lair:1:   layout_loops_ring, portal_ice_cave_entry_imps,
          minmay_lair_oklob_chamber, grunt_megastairs_3
IceCv:    ice_cave_small_necro

Skill      XL: |  1  2  3  4  5  6  7  8  9 10 11 |
---------------+----------------------------------+-----
Fighting       | 1 2 3 5 6 |  6.0
Spellcasting   | 3 4 5 6 |  6.6
Ice Magic      | 5 6 9 |  9.0
Summonings     | 1 3 4 |  4.0
Evocations     | 2 3 5 6 |  6.2
Conjurations   | 3 5 |  5.0
Dodging        | 4 6 8 |  8.1
Fire Magic     | 1 |  1.0
Stealth        | 5 |  5.2

Action                   |  1- 3 |  4- 6 |  7- 9 | 10-12 || total
-------------------------+-------+-------+-------+-------++-------
Melee: Unarmed           |     6 |       |       |       ||     6
       Constrict         |     4 |     2 |    24 |     9 ||    39
       Tentacles         |     3 |     2 |    16 |    16 ||    37
       Short sword       |     8 |       |       |       ||     8
       Trident           |     3 |    15 |    16 |       ||    34
       Halberd           |       |       |    43 |    47 ||    90
       War axe           |       |       |    59 |    68 ||   127
Throw: Stone             |       |     1 |     6 |     8 ||    15
 Cast: Freeze            |    45 |    27 |    66 |    25 ||   163
       Frozen Ramparts   |     2 |    12 |    29 |    17 ||    60
       Summon Ice Beast  |       |       |    42 |    43 ||    85
       Ozocubu's Armour  |       |       |       |     2 ||     2
       Hailstorm         |       |       |       |     2 ||     2
       Conjure Flame     |       |       |       |    13 ||    13
Evoke: Wand              |       |       |       |    19 ||    19
       Lightning rod     |       |       |       |     4 ||     4
  Use: Scroll            |       |     3 |     9 |     3 ||    15
       Potion            |       |       |     2 |     6 ||     8
 Stab: Sleeping          |       |       |     3 |     2 ||     5
       Distracted        |       |       |     1 |     3 ||     4
  Eat: Chunk             |     5 |     3 |    16 |     5 ||    29
       Ration            |       |     1 |     3 |     3 ||     7
Armor: Skin              |     2 |     2 |    11 |     6 ||    21
Dodge: Dodged            |    38 |    36 |   179 |   117 ||   370

Table legend:
 A = Non-vault XP
 B = Vault XP
 C = Vault XP percentage of total XP
 D = Non-vault monster count
 E = Vault monster count
 F = Vault count percentage of total count
                 A         B        C        D         E       F
            +---------+---------+-------+---------+---------+-------
      Total |    6160 |    6220 |  50.2 |     186 |      76 |  29.0
            +---------+---------+-------+---------+---------+-------
        D:1 |      40 |       0 |   0.0 |      21 |       0 |   0.0
        D:2 |      33 |      35 |  51.5 |      13 |       1 |   7.1
        D:3 |      79 |       0 |   0.0 |      21 |       0 |   0.0
        D:4 |     365 |     188 |  34.0 |      13 |       2 |  13.3
        D:5 |     143 |      71 |  33.2 |       7 |       9 |  56.2
        D:6 |    1337 |     215 |  13.9 |      36 |       6 |  14.3
        D:7 |     994 |     756 |  43.2 |      20 |       5 |  20.0
        D:8 |     853 |    1060 |  55.4 |      25 |       7 |  21.9
        D:9 |    2316 |       0 |   0.0 |      30 |       0 |   0.0
     Lair:1 |       0 |      81 | 100.0 |       0 |      12 | 100.0
      Sewer |       0 |      19 | 100.0 |       0 |       7 | 100.0
      IceCv |       0 |    3795 | 100.0 |       0 |      27 | 100.0
            +---------+---------+-------+---------+---------+-------
